[Event "Titled Tuesday Blitz January 10 Early 2023"]
[White "Salman, Pavel"]
[Black "Le Ruyet, Leopold"]
[WhiteFideId "24153753"]
[BlackFideId "645923"]
[WhiteElo "2287"]
[BlackElo "2245"]
[Result "0-1"]
[Round "09"]
[TimeControl "180+2"]
[Date "2023.01.10"]
[WhiteClock "0:00:06"]
[BlackClock "0:00:05"]

1. Nf3 Nf6 2. g3 g6 3. Bg2 Bg7 4. O-O O-O 5. d3 c5 6. Nbd2 Nc6 7. e4 b6 8. Re1 Bb7 9. Nc4 d5 10. exd5 Nxd5 11. a4 Qc7 12. Nfd2 Rad8 13. Ne4 Nd4 14. c3 Nc6 15. Qe2 Rd7 16. Ne3 Rfd8 17. Rd1 Ba6 18. Nxd5 Rxd5 19. Bf4 Qd7 20. Qe3 Rxd3 21. Rxd3 Bxd3 22. Rd1 c4 23. h4 Qg4 24. Bf3 Qe6 25. h5 Ne5 26. Bxe5 Qxe5 27. h6 Bf8 28. Be2 f5 29. Bxd3 cxd3 30. Nd2 Qxe3 31. fxe3 Bxh6 32. Kf2 e5 33. Nf3 e4 34. Ne5 Bg7 35. Nc6 Rd7 36. a5 bxa5 37. Ke1 Rd6 38. Nxa5 Rb6 39. Rb1 Kf7 40. Kd2 Rb5 41. Nc4 Ke6 42. Ra1 Rb7 43. Ra6+ Ke7 44. Kc1 h5 45. Rxg6 Bf6 46. Rh6 Ke6 47. Rxh5 Rg7 48. Rh3 Rc7 49. Nd2 a5 50. Rh7 Rxh7 0-1


[Site "https://www.chess.com"]

[Event "Titled Tuesday Blitz January 10 Early 2023"]
[White "Erzhanov, Arman"]
[Black "Yelisieiev, Yevhenii"]
[WhiteFideId "4138821"]
[BlackFideId "14139642"]
[WhiteElo "2228"]
[BlackElo "2418"]
[Result "0-1"]
[Round "09"]
[TimeControl "180+2"]
[Date "2023.01.10"]
[WhiteClock "0:00:01"]
[BlackClock "0:00:05"]

1. e4 d6 2. d4 Nf6 3. Nc3 e5 4. Nf3 Nbd7 5. Bc4 Be7 6. O-O O-O 7. Re1 c6 8. a4 a5 9. Ba2 exd4 10. Nxd4 Nc5 11. Qf3 Qb6 12. Nb3 Nfd7 13. Be3 Ne5 14. Qe2 Be6 15. Nxc5 dxc5 16. Bxe6 fxe6 17. b3 Qb4 18. Bd2 Qd4 19. Rad1 Rad8 20. Nb1 Qd6 21. Bxa5 Qb8 22. Bxd8 Bxd8 23. f4 Rxf4 24. Rf1 Nf7 25. Rxf4 Qxf4 26. Rf1 Qe5 27. Nd2 Bc7 28. Nf3 Qf4 29. g3 Qd6 30. Qf2 c4 31. Nd4 Ne5 32. bxc4 Bb6 33. c3 h6 34. Kh1 Kh7 35. Qf4 Bc7 36. Qe3 Bb6 37. Qe2 Bxd4 38. cxd4 Qxd4 39. Rd1 Qc5 40. Rc1 Qd4 41. Rd1 Qc3 42. Kg2 g6 43. Qd2 Qxc4 44. Re1 h5 45. Qg5 Qc2+ 46. Kh1 Ng4 0-1


[Site "https://www.chess.com"]

[Event "Titled Tuesday Blitz January 10 Early 2023"]
[White "Manukian, Artak"]
[Black "Arngrimsson, Dagur"]
[WhiteFideId "13301373"]
[BlackFideId "2301288"]
[WhiteElo "2196"]
[BlackElo "2370"]
[Result "1-0"]
[Round "09"]
[TimeControl "180+2"]
[Date "2023.01.10"]
[WhiteClock "0:01:28"]
[BlackClock "0:00:25"]

1. e4 c5 2. Nf3 d6 3. Bb5+ Bd7 4. Bxd7+ Qxd7 5. c4 Nf6 6. Nc3 g6 7. d4 cxd4 8. Nxd4 Bg7 9. f3 O-O 10. Be3 Rc8 11. b3 Nc6 12. O-O a6 13. a4 Rab8 14. Qd2 Na5 15. Rab1 e6 16. Rfd1 Qc7 17. Nde2 Rd8 18. Bf4 Nd7 19. Qxd6 Qc8 20. Qc7 b6 21. Rxd7 Qxd7 22. Qxd7 Rxd7 23. Bxb8 Rd3 24. Rd1 Rxd1+ 25. Nxd1 Nxb3 26. Bc7 Nd2 27. Ne3 Bh6 28. f4 Nxe4 29. Bxb6 e5 30. fxe5 Bxe3+ 31. Bxe3 1-0


[Site "https://www.chess.com"]

[Event "Titled Tuesday Blitz January 10 Early 2023"]
[White "Sanchez, Robert"]
[Black "Al-Tarboush, Ward"]
[WhiteFideId "2034360"]
[BlackFideId "7601450"]
[WhiteElo "1966"]
[BlackElo "2256"]
[Result "1-0"]
[Round "09"]
[TimeControl "180+2"]
[Date "2023.01.10"]
[WhiteClock "0:00:29"]
[BlackClock "0:01:39"]

1. Nf3 Nf6 2. e3 Nc6 3. c4 e5 4. d3 Bb4+ 5. Nc3 O-O 6. e4 Nd4 7. a3 Bxc3+ 8. bxc3 Nxf3+ 9. Qxf3 c6 10. Bg5 h6 11. Bh4 d5 12. Bxf6 gxf6 13. cxd5 cxd5 14. Be2 Be6 15. O-O Qe7 16. exd5 Bd7 17. c4 f5 18. Rfe1 Kh7 19. Rab1 b6 20. Bf1 Rg8 21. Qe3 f6 22. d4 e4 23. c5 Rg4 24. c6 Be8 25. f3 Rg7 26. fxe4 fxe4 27. Qxe4+ Qxe4 28. Rxe4 Bg6 29. Rbe1 Bxe4 30. Rxe4 Rd8 31. Bd3 Kh8 32. d6 Rxd6 33. Re8+ Rg8 34. Rxg8+ Kxg8 35. d5 Rd8 36. c7 1-0


[Site "https://www.chess.com"]

[Event "Titled Tuesday Blitz January 10 Early 2023"]
[White "Derjabin, Ilja"]
[Black "Karabalis, Harilos"]
[WhiteFideId "14104768"]
[BlackFideId "4621808"]
[WhiteElo "2333"]
[BlackElo "2252"]
[Result "0-1"]
[Round "09"]
[TimeControl "180+2"]
[Date "2023.01.10"]
[WhiteClock "0:00:34"]
[BlackClock "0:01:42"]

1. d4 Nf6 2. c4 g6 3. Nc3 Bg7 4. e4 d6 5. Nge2 O-O 6. Ng3 h5 7. Be2 c5 8. d5 e6 9. O-O h4 10. Nh1 exd5 11. cxd5 h3 12. g4 b5 13. g5 Nh7 14. Bxb5 Nxg5 15. f4 Nh7 16. Ng3 Nd7 17. e5 dxe5 18. f5 Ndf6 19. Bc6 Rb8 20. Rf2 gxf5 21. Nxf5 Bxf5 22. Rxf5 Ne8 23. Bxe8 Rxe8 24. Ne4 Rb4 25. Nc3 e4 26. Be3 Rxb2 27. Rc1 Qd6 28. Bf4 Qg6+ 0-1


[Site "https://www.chess.com"]

[Event "Titled Tuesday Blitz January 10 Early 2023"]
[White "Marn, Jan"]
[Black "Hirneise, Jens"]
[WhiteFideId "14619245"]
[BlackFideId "24614734"]
[WhiteElo "2345"]
[BlackElo "2277"]
[Result "0-1"]
[Round "09"]
[TimeControl "180+2"]
[Date "2023.01.10"]
[WhiteClock "0:00:04"]
[BlackClock "0:00:06"]

1. d4 f5 2. Nf3 Nf6 3. g3 g6 4. Bg2 Bg7 5. O-O O-O 6. c4 d6 7. Nc3 c6 8. d5 e5 9. dxe6 Bxe6 10. b3 Kh8 11. Nd4 Bg8 12. Bb2 Qe7 13. Qc2 Na6 14. a3 Rae8 15. Rad1 Nc5 16. b4 Nce4 17. Nxe4 fxe4 18. e3 d5 19. cxd5 cxd5 20. Rc1 Nd7 21. Ne2 Ne5 22. Bxe5 Bxe5 23. Qc5 b6 24. Qxe7 Rxe7 25. Rc2 g5 26. Rfc1 Kg7 27. Nd4 Bxd4 28. exd4 e3 29. fxe3 Rxe3 30. Rc7+ Kg6 31. Rxa7 Re2 32. Rf1 Rc8 33. Bf3 Rd2 34. Rf2 Rxd4 35. Rb7 Rc6 36. Be2 Be6 37. Kg2 g4 38. Bb5 Rd6 39. a4 Bf5 40. Be8+ Kg5 41. Rf7 Be4+ 42. Kg1 Bf3 43. Rf1 Rd2 44. Rg7+ Kh6 45. Rf7 Rg2+ 46. Kh1 Re2+ 47. Kg1 Rxe8 48. h4 Re2 49. R1xf3 gxf3 50. Rxf3 d4 51. Kf1 d3 52. Rxd3 Rxd3 53. Kxe2 Rxg3 0-1


[Site "https://www.chess.com"]

[Event "Titled Tuesday Blitz January 10 Early 2023"]
[White "Bilan, Danila"]
[Black "Andreev, Konstantin"]
[WhiteFideId "24161918"]
[BlackFideId "24239305"]
[WhiteElo "2303"]
[BlackElo "2195"]
[Result "1-0"]
[Round "09"]
[TimeControl "180+2"]
[Date "2023.01.10"]
[WhiteClock "0:00:04"]
[BlackClock "0:00:15"]

1. d4 Nf6 2. Nf3 d5 3. c4 e6 4. Nc3 dxc4 5. e3 a6 6. Bxc4 b5 7. Bd3 c5 8. a4 b4 9. Ne4 cxd4 10. exd4 Bb7 11. Nc5 Bxc5 12. dxc5 O-O 13. O-O Nbd7 14. Be3 Nd5 15. c6 Bxc6 16. Bxh7+ Kxh7 17. Qc2+ Kg8 18. Qxc6 a5 19. Rac1 Rb8 20. Rfd1 Qe7 21. Qc4 Rfe8 22. Qe4 N7f6 23. Qh4 Qd7 24. Bg5 Qxa4 25. Bxf6 Nxf6 26. Ng5 Rbd8 27. Rxd8 Rxd8 28. h3 Rd1+ 29. Rxd1 Qxd1+ 30. Kh2 Qd6+ 31. g3 Qd2 32. Kg2 Qxb2 33. Qc4 Ne8 34. Qc8 Kf8 35. Qc5+ Kg8 36. Qe7 Nd6 37. Qd8+ Ne8 38. Qxe8# 1-0


[Site "https://www.chess.com"]

[Event "Titled Tuesday Blitz January 10 Early 2023"]
[White "Janaszak, Dawid"]
[Black "Jimenez, Joaquin"]
[WhiteFideId "1119206"]
[BlackFideId "109860"]
[WhiteElo "2316"]
[BlackElo "2195"]
[Result "1-0"]
[Round "09"]
[TimeControl "180+2"]
[Date "2023.01.10"]
[WhiteClock "0:01:05"]
[BlackClock "0:01:48"]

1. e4 e5 2. Nf3 Nc6 3. d4 exd4 4. Nxd4 Nf6 5. Nxc6 bxc6 6. e5 Qe7 7. Qe2 Nd5 8. h4 a5 9. c4 Ba6 10. g3 Nb6 11. b3 a4 12. Bh3 Qc5 13. O-O Be7 14. Ba3 Qd4 15. Bb2 Qc5 16. Nd2 O-O-O 17. Ne4 Qa5 18. Rfc1 a3 19. Bc3 Bb4 20. Qg4 Bxc3 21. Nxc3 Qxe5 22. c5 Nd5 23. Qa4 Bb7 24. Nxd5 Qxd5 25. Qxa3 f5 26. Qa7 Rhe8 27. Bf1 f4 28. Ba6 Bxa6 29. Qa8# 1-0


[Site "https://www.chess.com"]

[Event "Titled Tuesday Blitz January 10 Early 2023"]
[White "Kalajzic, Ivan"]
[Black "Karttunen, Mika"]
[WhiteFideId "14506378"]
[BlackFideId "502081"]
[WhiteElo "2062"]
[BlackElo "2490"]
[Result "0-1"]
[Round "09"]
[TimeControl "180+2"]
[Date "2023.01.10"]
[WhiteClock "0:00:03"]
[BlackClock "0:00:12"]

1. b3 e5 2. Bb2 Nc6 3. e3 Nf6 4. Bb5 Bd6 5. Na3 O-O 6. Nc4 Re8 7. Nxd6 cxd6 8. Nf3 a6 9. Be2 d5 10. d4 d6 11. O-O e4 12. Nd2 h5 13. c4 h4 14. cxd5 Ne7 15. Ba3 b5 16. Rc1 Bb7 17. f4 Nf5 18. Qe1 Nxd5 19. Bg4 Ndxe3 20. Bxf5 Nxf5 21. Bb2 Bd5 22. Rc3 Rc8 23. Rh3 Rc2 24. Bc1 e3 25. Nf3 Nxd4 26. Bxe3 Ne2+ 27. Kh1 Rxe3 28. Qxh4 Qxh4 29. Rxh4 Bxf3 30. gxf3 Nc3 31. f5 Ree2 32. f6 gxf6 33. f4 f5 34. Rh5 d5 0-1


[Site "https://www.chess.com"]

[Event "Titled Tuesday Blitz January 10 Early 2023"]
[White "Turzo, Attila"]
[Black "Golizadeh, Asghar"]
[WhiteFideId "704954"]
[BlackFideId "12505269"]
[WhiteElo "2279"]
[BlackElo "2455"]
[Result "1-0"]
[Round "09"]
[TimeControl "180+2"]
[Date "2023.01.10"]
[WhiteClock "0:00:24"]
[BlackClock "0:00:58"]

1. d4 Nf6 2. Bf4 d5 3. e3 c5 4. c3 Qb6 5. Qb3 c4 6. Qc2 Nc6 7. Nd2 Nh5 8. Ngf3 Nxf4 9. exf4 Qc7 10. g3 g6 11. b3 Bf5 12. Qb2 Nb4 13. cxb4 c3 14. Qc1 cxd2+ 15. Qxd2 Be4 16. Bb5+ Kd8 17. Be2 h5 18. O-O h4 19. Nxh4 Rxh4 20. gxh4 e5 21. fxe5 Be7 22. Rac1 Qd7 23. Qf4 f6 24. exf6 Bd6 25. f7 Ke7 26. Qg5+ Kxf7 27. Bg4 Bf5 28. Bxf5 gxf5 29. Qh5+ Kg8 30. Kh1 Bf8 31. Rg1+ Bg7 32. Rg5 Re8 33. Rcg1 Re7 34. Rxf5 Qe6 35. Qg4 Qc6 36. Rg5 Qc7 37. Rxg7+ Rxg7 38. Qxg7+ Qxg7 39. Rxg7+ Kxg7 40. Kg2 Kg6 41. Kg3 Kf5 42. Kf3 b5 43. a4 a6 44. a5 Kg6 45. Kf4 Kh5 46. Ke5 Kxh4 47. Kxd5 Kh3 48. Kc6 Kxh2 49. d5 Kg2 50. d6 Kxf2 51. d7 Ke3 52. d8=Q 1-0


[Site "https://www.chess.com"]

[Event "Titled Tuesday Blitz January 10 Early 2023"]
[White "Bazarov, Konstantin"]
[Black "Gjestemoen-VonHirsch, Andre"]
[WhiteFideId "4137000"]
[BlackFideId "1539531"]
[WhiteElo "2235"]
[BlackElo "2314"]
[Result "0-1"]
[Round "09"]
[TimeControl "180+2"]
[Date "2023.01.10"]
[WhiteClock "0:00:03"]
[BlackClock "0:00:16"]

1. d4 g6 2. e4 Bg7 3. c3 d6 4. Nf3 Nf6 5. Bd3 O-O 6. O-O c5 7. h3 Na6 8. a3 Nc7 9. Re1 b6 10. Bf4 Bb7 11. Nbd2 cxd4 12. cxd4 Ne6 13. Be3 Rc8 14. Rc1 Rxc1 15. Qxc1 Qa8 16. d5 Rc8 17. Qb1 Nc5 18. Bc2 a5 19. Nd4 Nfd7 20. Rc1 a4 21. Bd1 Ne5 22. Be2 Ba6 23. Bxa6 Qxa6 24. f4 Ned3 25. Rf1 Bxd4 26. Bxd4 Nb3 27. Nxb3 axb3 28. Bc3 Rxc3 29. bxc3 Qc4 30. Rf3 Nc5 31. e5 Qxd5 32. exd6 Qxd6 33. Kh2 Qd2 34. c4 b2 35. f5 Na4 36. fxg6 hxg6 37. Qf1 Nc3 38. Rxf7 Qd6+ 39. g3 b1=Q 40. Rf8+ Kg7 41. Qf7+ Kh6 42. Rh8+ Kg5 43. h4+ Kg4 44. Qf2 Qa2 45. Qxa2 Nxa2 0-1


[Site "https://www.chess.com"]

[Event "Titled Tuesday Blitz January 10 Early 2023"]
[White "Kvaloy, Aksel Bu"]
[Black "Fathy, Elameir"]
[WhiteFideId "1528815"]
[BlackFideId "10600396"]
[WhiteElo "2321"]
[BlackElo "2300"]
[Result "0-1"]
[Round "09"]
[TimeControl "180+2"]
[Date "2023.01.10"]
[WhiteClock "0:00:20"]
[BlackClock "0:00:10"]

1. d4 d5 2. c4 c6 3. Nf3 Nf6 4. g3 Bf5 5. Nc3 e6 6. Qb3 Qb6 7. c5 Qxb3 8. axb3 Be7 9. b4 O-O 10. b5 cxb5 11. e3 b4 12. Nb5 Nc6 13. Bd2 a6 14. Nd6 Bxd6 15. cxd6 Be4 16. Bg2 Rfd8 17. O-O Rxd6 18. Ne5 Bxg2 19. Kxg2 Ne4 20. Be1 f6 21. Nxc6 Rxc6 22. Bxb4 Rac8 23. f3 Rc2+ 24. Kg1 Nd2 25. Rf2 Nb3 26. Raf1 Rxf2 27. Rxf2 Kf7 28. Kf1 a5 29. Be1 Rc1 30. Ke2 Rc2+ 31. Kd3 Rxf2 32. Bxf2 b5 33. Kc3 Nc1 34. Kc2 Na2 35. Be1 b4 36. Kb3 Nc1+ 37. Kc2 Na2 38. Kb3 Nc1+ 39. Ka4 Nd3 40. Bd2 Nxb2+ 41. Kxa5 Nc4+ 42. Kxb4 Nxd2 43. Kc3 Nxf3 44. h3 Ng1 45. Kd3 Nxh3 46. Ke2 Ng5 47. Kf1 h5 48. Kg2 Ne4 49. Kf3 g5 50. g4 Kg6 51. gxh5+ Kxh5 52. Ke2 f5 53. Kd3 g4 54. Kc2 g3 55. Kb3 g2 56. Ka4 g1=Q 57. Kb5 Qxe3 58. Kc6 Qxd4 59. Kd7 Qb6 60. Ke7 d4 61. Kf7 f4 62. Ke7 e5 63. Kf7 Nd2 64. Ke7 Nb1 65. Kf7 d3 66. Ke7 e4 67. Kf7 f3 68. Ke7 e3 69. Kf7 d2 70. Ke7 d1=Q 71. Kf7 Qd7+ 72. Kg8 f2 73. Kh8 f1=Q 74. Kg8 e2 75. Kh8 e1=Q 76. Kg8 Qg6+ 77. Kh8 Qc3# 0-1


[Site "https://www.chess.com"]

[Event "Titled Tuesday Blitz January 10 Early 2023"]
[White "Fayzullaev, Akmal"]
[Black "Perez Rodriguez, Jennifer"]
[WhiteFideId "14200554"]
[BlackFideId "3507831"]
[WhiteElo "2391"]
[BlackElo "2242"]
[Result "0-1"]
[Round "09"]
[TimeControl "180+2"]
[Date "2023.01.10"]
[WhiteClock "0:00:50"]
[BlackClock "0:02:11"]

1. e4 e5 2. Nf3 Nc6 3. Bc4 Bc5 4. d3 Nf6 5. c3 d6 6. Bb3 a5 7. h3 h6 8. Nbd2 O-O 9. Nf1 Re8 10. g4 d5 11. Qe2 dxe4 12. dxe4 a4 13. Bc2 b6 14. g5 Ba6 15. Qd2 hxg5 16. Qxg5 Bd3 17. Rg1 Bxf2+ 18. Kd1 Bxg1 0-1


[Site "https://www.chess.com"]

[Event "Titled Tuesday Blitz January 10 Early 2023"]
[White "Tikhonov, Viacheslav"]
[Black "Levitan, Caleb Levi"]
[WhiteFideId "44196407"]
[BlackFideId "14332620"]
[WhiteElo "2220"]
[BlackElo "2129"]
[Result "1-0"]
[Round "09"]
[TimeControl "180+2"]
[Date "2023.01.10"]
[WhiteClock "0:00:03"]
[BlackClock "0:00:01"]

1. e4 c5 2. Nf3 e6 3. b3 d5 4. exd5 exd5 5. Bb5+ Nc6 6. O-O Nf6 7. Re1+ Be7 8. Qe2 Be6 9. Ng5 Bd7 10. Bb2 Nd4 11. Bxd4 cxd4 12. Nf3 Bxb5 13. Qxb5+ Qd7 14. Nxd4 Qxb5 15. Nxb5 Kd7 16. N1c3 Bc5 17. Na4 Bb4 18. c3 Be7 19. f3 Rhe8 20. Re2 Bf8 21. Rae1 Rxe2 22. Rxe2 Kc6 23. Nd4+ Kd7 24. b4 g6 25. Nb2 Ne8 26. Nd3 Bd6 27. Ne5+ Bxe5 28. Rxe5 Kd6 29. Re2 a6 30. a4 Nc7 31. Kf2 Ne6 32. Ke3 Re8 33. Nxe6 fxe6 34. f4 e5 35. fxe5+ Rxe5+ 36. Kd3 Rf5 37. g3 Rf3+ 38. Kd4 Rf7 39. Re5 Rf2 40. Rxd5+ Kc6 41. Kc4 Rxh2 42. b5+ axb5+ 43. axb5+ Kc7 44. d4 Rg2 45. Rg5 b6 46. Kd5 Rf2 47. c4 Rf7 48. c5 Rd7+ 49. Kc4 bxc5 50. dxc5 Rd1 51. Re5 Rc1+ 52. Kd5 Rd1+ 53. Ke6 Rg1 54. Re3 h5 55. Rd3 g5 56. Kf5 h4 57. Kg4 hxg3 58. Rxg3 Rc1 59. c6 Rc4+ 60. Kh5 Rc5 61. Rxg5 Rc3 62. Rg7+ Kb6 63. Rb7+ Kc5 64. Kg6 Kd6 65. Kf6 Rf3+ 66. Kg5 Rf1 67. Kg4 Rf2 68. Rd7+ Ke6 69. Rd8 Rf7 70. Kg5 1-0


[Site "https://www.chess.com"]

[Event "Titled Tuesday Blitz January 10 Early 2023"]
[White "Buksa, Nataliya"]
[Black "Bas Mas, Jose Joaquin"]
[WhiteFideId "14123622"]
[BlackFideId "22219064"]
[WhiteElo "2406"]
[BlackElo "2197"]
[Result "0-1"]
[Round "09"]
[TimeControl "180+2"]
[Date "2023.01.10"]
[WhiteClock "0:00:22"]
[BlackClock "0:00:17"]

1. d4 Nf6 2. Nc3 e6 3. e4 d5 4. e5 Nfd7 5. f4 c5 6. Nf3 Nc6 7. Be3 a6 8. Qd2 Be7 9. dxc5 Nxc5 10. Nd4 Bd7 11. O-O-O Rc8 12. Kb1 O-O 13. h4 b5 14. Bd3 Nxd3 15. cxd3 Nxd4 16. Bxd4 b4 17. Ne2 b3 18. axb3 Rb8 19. Nc1 a5 20. Bc3 a4 21. b4 d4 22. Bxd4 Bxb4 23. Qf2 Qa5 24. Na2 Bc6 25. Nxb4 Qxb4 26. Bc5 Qb3 27. Bxf8 Rxf8 28. Qc2 Qb6 29. Rc1 Rb8 30. Ka1 h6 31. Rh3 Qd4 32. Qc3 Qf2 33. g4 a3 34. b3 Bd5 35. Rb1 a2 36. Rc1 Rxb3 37. Qxb3 Bxb3 38. d4 Kh7 39. Rxb3 Qxd4+ 40. Rbc3 Qxf4 41. Kxa2 Qxe5 42. Rc4 Qh2+ 43. Kb3 Qxh4 44. Kc3 Qg3+ 45. Kd2 g6 46. Ke2 Kg7 47. Rf1 g5 48. Re4 Qg2+ 49. Ke1 Qxe4+ 50. Kf2 Qxg4 51. Re1 Qh4+ 52. Kf1 Qxe1+ 53. Kxe1 f5 54. Kf2 Kf6 55. Kg3 e5 56. Kf3 h5 57. Kg3 Ke6 58. Kh3 Kd5 59. Kg3 h4+ 60. Kf3 e4+ 61. Kg2 Ke5 62. Kh3 e3 63. Kg2 Ke4 64. Kh3 g4+ 65. Kg2 f4 66. Kh2 Kf3 67. Kg1 e2 68. Kh2 g3+ 69. Kh3 e1=Q 70. Kxh4 Qh1+ 71. Kg5 g2 72. Kf5 g1=Q 73. Ke5 Qe3+ 74. Kd5 Qh5+ 75. Kc4 Qhc5# 0-1


[Site "https://www.chess.com"]

[Event "Titled Tuesday Blitz January 10 Early 2023"]
[White "Ruiz Aguilar, Pablo Alexander"]
[Black "Goltseva, Ekaterina"]
[WhiteFideId "4401352"]
[BlackFideId "24173770"]
[WhiteElo "2161"]
[BlackElo "2283"]
[Result "0-1"]
[Round "09"]
[TimeControl "180+2"]
[Date "2023.01.10"]
[WhiteClock "0:00:01"]
[BlackClock "0:00:05"]

1. e4 c5 2. Nf3 e6 3. d4 cxd4 4. Nxd4 Nf6 5. Bd3 Nc6 6. Nxc6 bxc6 7. O-O d5 8. Nd2 Bd6 9. c4 O-O 10. Qe2 Qc7 11. h3 Rb8 12. b3 Be5 13. Rb1 Rd8 14. Ba3 Ba6 15. Rfc1 Bf4 16. cxd5 Bxd3 17. Qxd3 exd5 18. e5 Bxe5 19. Nf3 Bf4 20. Rc2 Rbc8 21. Nd4 Qa5 22. Be7 Re8 23. b4 Qb6 24. Bxf6 gxf6 25. Nf5 Kh8 26. Qf3 Be5 27. a3 Qb7 28. Rbc1 Rg8 29. Nh6 Rg6 30. Ng4 Qd7 31. Ne3 d4 32. Nc4 d3 33. Rd2 Rd8 34. Rcd1 Qe8 35. Rxd3 Rxd3 36. Qxd3 Rg8 37. Ne3 Qe6 38. Qf5 Re8 39. Qxe6 fxe6 40. Rd7 a6 41. Nc4 Bc3 42. Nd6 Rb8 43. Nf7+ Kg8 44. Nh6+ Kh8 45. Nf7+ Kg8 46. Nd6 Bb2 47. Nc4 Bc1 48. Kf1 Ra8 49. Ke2 Bf4 50. g3 Bg5 51. f4 Bh6 52. Nd6 Bf8 53. Nb7 Ra7 54. Kd3 h5 55. Kc4 a5 56. bxa5 Bxa3 0-1


[Site "https://www.chess.com"]

[Event "Titled Tuesday Blitz January 10 Early 2023"]
[White "Musovic, Armin"]
[Black "Makhmudov, Shukhrat"]
[WhiteFideId "939935"]
[BlackFideId "14200775"]
[WhiteElo "2261"]
[BlackElo "2115"]
[Result "1-0"]
[Round "09"]
[TimeControl "180+2"]
[Date "2023.01.10"]
[WhiteClock "0:00:23"]
[BlackClock "0:00:20"]

1. a3 e5 2. Nc3 a6 3. e4 Nf6 4. Nf3 Nc6 5. d4 Bd6 6. Bg5 h6 7. Bh4 g5 8. Bg3 Qe7 9. Bc4 g4 10. Nxe5 Nxe5 11. dxe5 Bxe5 12. O-O c6 13. f4 gxf3 14. Qxf3 Bxg3 15. Qxf6 Qxf6 16. Rxf6 Be5 17. Bxf7+ Ke7 18. Rf3 Rf8 19. Bb3 d6 20. Rxf8 Kxf8 21. Rf1+ Ke8 22. Rf7 d5 23. Rh7 dxe4 24. Nxe4 Bf5 25. Rxh6 Bxe4 26. Re6+ Kd7 27. Rxe5 Bd5 28. Bxd5 cxd5 29. Rxd5+ Kc6 30. Rd3 Re8 31. Rc3+ Kd5 32. h4 Re2 33. Kh2 Ke5 34. Kh3 Kf5 35. Rc5+ Kf4 36. g3+ Kf3 37. Rf5+ Ke4 38. Rf7 Rxc2 39. Re7+ Kf3 40. Rf7+ Ke4 41. Rxb7 a5 42. h5 a4 43. Rb4+ Kf5 44. Rxa4 Rxb2 45. Ra5+ Kf6 46. Kh4 Rc2 47. Ra6+ Kf5 48. g4+ Ke5 49. h6 Kf4 50. Rf6+ Ke5 51. Rf5+ Ke6 52. Rh5 Rc8 53. h7 Rh8 54. Kg5 Kf7 55. Kh6 Ra8 56. Rf5+ Ke7 57. Kg7 1-0


[Site "https://www.chess.com"]

[Event "Titled Tuesday Blitz January 10 Early 2023"]
[White "Campbell, Charles"]
[Black "Mkrtchian, Lilit"]
[WhiteFideId "8500436"]
[BlackFideId "13300601"]
[WhiteElo "2179"]
[BlackElo "2389"]
[Result "1-0"]
[Round "09"]
[TimeControl "180+2"]
[Date "2023.01.10"]
[WhiteClock "0:00:13"]
[BlackClock "0:00:02"]

1. d4 Nf6 2. Nf3 d5 3. c4 e6 4. Bg5 Be7 5. Nc3 h6 6. Bxf6 Bxf6 7. e3 c6 8. Bd3 Nd7 9. O-O O-O 10. a3 dxc4 11. Bxc4 e5 12. Be2 exd4 13. Nxd4 Nc5 14. Rc1 Ne6 15. Nxe6 Bxe6 16. Qc2 Qe7 17. Rfd1 Rad8 18. Na4 Be5 19. Nc5 Bc8 20. g3 Qf6 21. b4 Rxd1+ 22. Rxd1 Rd8 23. f4 Bc7 24. Rxd8+ Qxd8 25. Qd3 Qxd3 26. Bxd3 Kf8 27. Kf2 Ke7 28. e4 b6 29. Nb3 f6 30. Ke3 Bd6 31. Kd4 Be6 32. Bc4 Bg4 33. Kd3 Bh3 34. Kd4 Bd7 35. Kc3 Bc8 36. a4 g5 37. fxg5 hxg5 38. a5 Be5+ 39. Kd3 Bh3 40. axb6 axb6 41. Nd4 Bf1+ 42. Kc3 c5 43. Bxf1 Bxd4+ 44. Kc4 Kd6 45. bxc5+ Bxc5 46. h4 Bf2 47. hxg5 fxg5 48. g4 Ke5 49. Kd3 Kf4 50. Be2 1-0


[Site "https://www.chess.com"]

[Event "Titled Tuesday Blitz January 10 Early 2023"]
[White "Parpiev, Isaak"]
[Black "Sovetbekova, Nurai"]
[WhiteFideId "34281576"]
[BlackFideId "13801910"]
[WhiteElo "2167"]
[BlackElo "1764"]
[Result "1-0"]
[Round "09"]
[TimeControl "180+2"]
[Date "2023.01.10"]
[WhiteClock "0:00:06"]
[BlackClock "0:00:07"]

1. Nf3 Nf6 2. g3 g6 3. Bg2 Bg7 4. O-O O-O 5. d3 c5 6. e4 d5 7. Nbd2 Nc6 8. Re1 e5 9. exd5 Nxd5 10. Nc4 Re8 11. Bg5 Qc7 12. Nfxe5 Nxe5 13. Bxd5 Bg4 14. f3 Nxc4 15. dxc4 Bf5 16. c3 h6 17. Bf4 Qb6 18. Qd2 Rad8 19. Rxe8+ Rxe8 20. g4 Bc8 21. Re1 Rxe1+ 22. Qxe1 Qd8 23. Qe3 g5 24. Bg3 b6 25. Qe4 Bd7 26. Be5 Qe7 27. Qg6 Qf8 28. Bxg7 Qxg7 29. Bxf7+ Kh8 30. Qxg7+ Kxg7 31. Bd5 Kf6 32. Kf2 Ke5 33. Ke3 Be8 34. b3 Bg6 35. Be4 Bf7 36. h4 Be6 37. Bd3 Bf7 38. a3 Be6 39. hxg5 hxg5 40. Be4 Bd7 41. Bd5 Be8 42. Be4 Bf7 43. Bd5 Bg6 44. Be4 Bf7 45. Bd3 Be6 46. a4 Bf7 47. f4+ gxf4+ 48. Kf3 Be6 49. g5 Bf7 50. g6 Bg8 51. Kg4 Be6+ 52. Kf3 Bg8 53. Be4 a5 54. Bd5 Bxd5+ 55. cxd5 Kf6 56. d6 Kxg6 57. d7 1-0


[Site "https://www.chess.com"]

[Event "Titled Tuesday Blitz January 10 Early 2023"]
[White "Florescu, Codrut-Constantin"]
[Black "Lakshmi C"]
[WhiteFideId "1202200"]
[BlackFideId "25035347"]
[WhiteElo "2259"]
[BlackElo "1928"]
[Result "1-0"]
[Round "09"]
[TimeControl "180+2"]
[Date "2023.01.10"]
[WhiteClock "0:01:31"]
[BlackClock "0:00:02"]

1. d4 Nf6 2. c4 e6 3. Nf3 b6 4. g3 Bb7 5. Bg2 Be7 6. O-O O-O 7. Re1 Qc8 8. Bg5 h6 9. Bxf6 Bxf6 10. e4 d6 11. e5 dxe5 12. dxe5 Be7 13. Nc3 Nc6 14. Ne4 Bb4 15. Re3 Rd8 16. Qb3 a5 17. a3 a4 18. Qc2 Be7 19. Rd1 Rxd1+ 20. Qxd1 Qd8 21. Rd3 Qe8 22. Nc3 Na5 23. Nd2 Bxg2 24. Kxg2 Qc6+ 25. Qf3 Qxf3+ 26. Kxf3 Bc5 27. Nb5 c6 28. Nc3 Nb7 29. Rd7 Na5 30. Nce4 Bf8 31. Nd6 f5 32. Ke3 b5 33. c5 1-0


[Site "https://www.chess.com"]

[Event "Titled Tuesday Blitz January 10 Early 2023"]
[White "Pein, Jonathan"]
[Black "Alfaro, William"]
[WhiteFideId "417092"]
[BlackFideId "6100457"]
[WhiteElo "2265"]
[BlackElo "2134"]
[Result "1-0"]
[Round "09"]
[TimeControl "180+2"]
[Date "2023.01.10"]
[WhiteClock "0:00:21"]
[BlackClock "0:00:01"]

1. e4 c5 2. g3 Nc6 3. Bg2 d6 4. Ne2 g6 5. c3 Bg7 6. d4 cxd4 7. cxd4 e6 8. Nbc3 Nge7 9. O-O O-O 10. Bg5 h6 11. Be3 f5 12. Qd2 Kh7 13. h4 fxe4 14. Bxe4 d5 15. Bc2 Nf5 16. Rad1 Bd7 17. Nf4 Qe7 18. Kg2 Be8 19. Rfe1 Rd8 20. h5 g5 21. Nxe6 Qxe6 22. g4 Qd6 23. Bxf5+ Kh8 24. Bb1 Rf6 25. Qd3 Kg8 26. Qh7+ Kf8 27. Ne2 Bf7 28. Ng3 Bg8 29. Qd3 Be6 30. f3 Ne7 31. Bf2 Kg8 32. Re2 Rdf8 33. Qh7+ Kf7 34. Rde1 Rh8 35. Qd3 a6 36. Re5 Rf8 37. Qe2 b5 38. a3 Nc6 39. Rxe6 Rxe6 40. Bg6+ Ke7 41. Qxe6+ Qxe6 42. Rxe6+ Kxe6 43. Nf5 Rxf5 44. Bxf5+ Kd6 45. Bc8 a5 46. Ba6 b4 47. axb4 axb4 48. Bg3+ Ke6 49. Bb7 Nxd4 50. f4 gxf4 51. Bxf4 Ne2 52. Bc8+ Ke7 53. Bd2 Bxb2 54. Bxb4+ Kf6 55. Bd2 Bc1 56. Bxc1 Nxc1 57. Kf3 d4 58. Ba6 Nb3 59. Kf4 Nc5 60. Bc4 d3 61. Ke3 Kg5 62. Kd4 d2 63. Be2 Nb3+ 64. Kc3 Nc1 65. Bd1 Na2+ 66. Kxd2 Nb4 67. Ke3 Nd5+ 68. Kf3 Nf4 69. Bc2 Ne6 70. Bf5 Nd4+ 71. Ke4 Ne2 72. Ke5 Ng3 73. Kd4 Nxf5+ 74. gxf5 Kxf5 75. Ke3 1-0


[Site "https://www.chess.com"]